 Dungeon Crawl Stone Soup version 0.31.0 (webtiles) character file.

Game seed: 3983630529680723673

88 qw the Shooter (level 4, -4/28 HPs)
             Began as a Gargoyle Hunter on Jan 19, 2024.
             Slain by Terence
             ... wielding a +0 mace
              (6 damage)
             ... on level 2 of the Dungeon.
             The game lasted 00:00:06 (1087 turns).

qw the Shooter (Gargoyle Hunter)                    Turns: 1087, Time: 00:00:07

Health: -4/28      AC:  9    Str: 15    XL:     4   Next: 53%
Magic:  4/4        EV: 11    Int:  9    God:
Gold:   43         SH:  0    Dex: 15    Spells: 3/3 levels left

rFire   . . .        a - +0 shortbow
rCold   . . .        (shield currently unavailable)
rNeg    + . .        c - +0 leather armour
rPois   inf          j - +1 helmet
rElec   +            (no cloak)
rCorr   .            (no gloves)
SInv    .            d - +0 pair of boots
Will    .....        (no amulet)
Stlth   ++           (no ring)
HPRegen 0.24/turn    (no ring)
MPRegen 0.09/turn

%: no passive effects
@: about to teleport
A: sickness immunity, AC +3, negative energy resistance 1, electricity
resistance, torment resistance 1, petrification resistance
a: no special abilities


You were on level 2 of the Dungeon.
You visited 1 branch of the dungeon, and saw 2 of its levels.

You collected 43 gold pieces.


Innate Abilities, Weirdness & Mutations

You are immune to sickness and miasma.
Your stone body is resilient. (AC +3)
You are immune to poison.
You resist negative energy. (rN+)
You are resistant to electric shocks. (rElec)
You are resistant to unholy torment.
You are immune to petrification.


   Skills:
 - Level 3.0 Fighting
 + Level 5.2 Ranged Weapons
 - Level 1.4 Armour
 - Level 1.5 Dodging
 - Level 1.1 Stealth


You had 3 spell levels left.
You didn't know any spells.
Your spell library was empty.

Inventory:

Hand Weapons
 a - a +0 shortbow (weapon)
Armour
 c - a +0 leather armour (worn)
 d - a +0 pair of boots (worn)
 j - a +1 helmet (worn)
Scrolls
 f - a scroll of teleportation
Potions
 b - a potion of might {unknown}
 e - a potion of lignification {unknown}
 g - a potion of haste {unknown}
 i - a potion of degeneration {unknown}

Dungeon Overview and Level Annotations

Branches:
Dungeon (2/15)

Altars:

Shops:
D:1 [

Annotations:
D:2 Terence


Message History

The gnoll is almost dead.
The gnoll closely misses you. The gnoll barely misses you.
You shoot an arrow. The arrow hits the gnoll!
You kill the gnoll!
The gnoll hits you from afar with a +0 spear.
You shoot an arrow. The arrow hits Terence.
Terence is moderately wounded.
The gnoll hits you but does no damage. Terence hits you but does no damage.
You shoot an arrow.
The arrow hits Terence but does no damage.
Terence is moderately wounded.
The gnoll barely misses you. Terence completely misses you.
You shoot an arrow.
The arrow hits Terence but does no damage.
Terence is moderately wounded.
The gnoll closely misses you. Terence hits you with a +0 mace!
The gnoll barely misses you. Terence hits you but does no damage.
You shoot an arrow.
The arrow hits Terence but does no damage.
Terence is moderately wounded.
The gnoll hits you but does no damage. Terence closely misses you.
You shoot an arrow. The arrow hits Terence.
Terence is heavily wounded.
The gnoll closely misses you. Terence hits you with a +0 mace!
You shoot an arrow. The arrow closely misses Terence.
The gnoll barely misses you. Terence closely misses you.
You shoot an arrow.
The arrow hits Terence but does no damage.
Terence is heavily wounded.
The gnoll hits you but does no damage. Terence hits you with a +0 mace.
The gnoll hits you but does no damage.
1086 ||| READING 2 scrolls of teleportation.
As you read the scroll of teleportation, it crumbles to dust.
You feel strangely unstable. Terence hits you but does no damage.
The gnoll hits you but does no damage.
You shoot an arrow. The arrow closely misses Terence.
Terence hits you with a +0 mace. The gnoll barely misses you.
Terence hits you with a +0 mace.
You die...
Terence says, "Rest in peace."

#.# #.# #># #.#
#.# #.# #.#
###.# #.# #...#
# #.# #.### g..
#.# #.#
....####.# #.#
........g####.#
...%$.)..@@...#
...#.##########
#


You could see Terence and a gnoll.

Vanquished Creatures
  3 gnolls (D:2)
  An adder (D:2)
  A ribbon worm (D:2)
  2 dart slugs
  2 ball pythons
  5 bats
  A giant cockroach (D:1)
  7 goblins
  4 hobgoblins
  4 jackals (D:1)
  3 kobolds (D:1)
  2 quokkas
  3 frilled lizards
  4 rats (D:1)
42 creatures vanquished.

Notes
Turn   | Place    | Note
-------+----------+-------------------------------------------
     0 | D:1      | qw the Gargoyle Hunter began the quest for the Orb.
     0 | D:1      | Reached XP level 1. HP: 12/12 MP: 1/1
     0 | D:1      | 0 ||| qw: Version: 0.3-a-132-g3d54051
     0 | D:1      | 0 ||| qw: Game counter: 69
     0 | D:1      | 0 ||| qw: Melee chars always use a shield: true
     0 | D:1      | 0 ||| qw: God list: Okawaru
     0 | D:1      | 0 ||| qw: Allow faded altars: false
     0 | D:1      | 0 ||| qw: Do Orc after clearing Dungeon:15 true
     0 | D:1      | 0 ||| qw: Do second Lair branch before Depths: true
     0 | D:1      | 0 ||| qw: Lair rune preference: random
     0 | D:1      | 0 ||| qw: Goals: Normal
     0 | D:1      | 0 ||| PLANNING D:1-11
    68 | D:1      | Reached XP level 2. HP: 17/17 MP: 2/2
    81 | D:1      | 81 ||| UPGRADING to +0 pair of boots.
    88 | D:1      | 88 ||| READING scroll labelled LUZARAIPPA.
   169 | D:1      | Found a faded altar of an unknown god.
   359 | D:1      | 359 ||| UPGRADING to +0 helmet.
   421 | D:1      | Reached XP level 3. HP: 11/21 MP: 3/3
   499 | D:1      | Reached skill level 5 in Ranged Weapons
   604 | D:1      | Found Soeppiesyw's Armour Boutique.
   609 | D:1      | 609 ||| SHOPLISTING +0 pair of gloves of infusion (115
                  | gold, have 43).
   609 | D:1      | 609 ||| SHOPLISTING +2 ring mail of fire resistance (210
                  | gold, have 43).
   609 | D:1      | 609 ||| SHOPLISTING +3 leather armour of positive energy
                  | (210 gold, have 43).
   813 | D:1      | 813 ||| READING 3 scrolls labelled IMEVVA KOHUIMN.
   818 | D:1      | 818 ||| READING scroll labelled VOBERH ATREA.
   818 | D:1      | 818 ||| ENCHANTING +0 helmet.
   819 | D:1      | 819 ||| READING scroll labelled HAOF ZUFOSKU.
   835 | D:1      | 835 ||| DROPPING scroll of butterflies.
   866 | D:2      | 866 ||| STAIRDANCE
   970 | D:2      | Reached skill level 3 in Fighting
  1055 | D:2      | Noticed Terence
  1057 | D:2      | 1057 ||| RETREEEEATING.
  1059 | D:2      | 1059 ||| RETREEEEATING.
  1060 | D:2      | 1060 ||| RETREEEEATING.
  1062 | D:2      | Reached XP level 4. HP: 28/28 MP: 4/4
  1066 | D:2      | Reached skill level 1 in Armour
  1085 | D:2      | HP: 3/28 [Terence/+0 mace (6)]
  1086 | D:2      | 1086 ||| READING 2 scrolls of teleportation.
  1087 | D:2      | Slain by Terence

Levels and vault maps discovered:
D:1:      erik_arrival_cave_to_civilisation [erik_arrival_cave_to_hall],
          layout_loops_ring, serial_shops, nicolae_shop_pleasant_corner_grove,
          basic_ecumenical_altar
D:2:      layout_loops_ring, uniq_terence

Skill      XL: |  1  2  3  4 |
---------------+-------------+-----
Ranged Weapons | 5 |  5.2
Fighting       | 3 |  3.0
Armour         | 1 |  1.4
Dodging        | |  1.5
Stealth        | |  1.1

Action                     |  1- 3 |  4- 6 || total
---------------------------+-------+-------++-------
   Fire: Shortbow          |   134 |    25 ||   159
    Use: Scroll            |     4 |     1 ||     5
 Armour: Leather armour    |    42 |    22 ||    64
  Dodge: Dodged            |    37 |    24 ||    61

Table legend:
 A = Non-vault XP
 B = Vault XP
 C = Vault XP percentage of total XP
 D = Non-vault monster count
 E = Vault monster count
 F = Vault count percentage of total count
                 A         B        C        D         E       F
            +---------+---------+-------+---------+---------+-------
      Total |     123 |       3 |   2.4 |      40 |       2 |   4.8
            +---------+---------+-------+---------+---------+-------
        D:1 |      46 |       3 |   6.1 |      27 |       2 |   6.9
        D:2 |      77 |       0 |   0.0 |      13 |       0 |   0.0
            +---------+---------+-------+---------+---------+-------
